Map: [ESL] Site Delta

Players

Firefly - Winner!

  • Race: Protoss Protoss
  • Spawn Location: 11:00

Oliveira

  • Race: Terran Terran
  • Spawn Location: 5:00

Event: ESL SC2 Masters 2023 Winter (Regional)

VOD

Have the link to the VOD?

Description

Time

  • Played on: Nov. 19, 2023, 8:16 a.m.
  • Length: 14:31

All games in this series

Show
View Real Time Build Order
Export as new Build Order

Firefly Protoss - Winner!

Build Orders: 1 Gate Expand, Double Forge, Phoenix Opening, Blink Stalkers 

Get SALT Encoding   

  12  0:00  Probe  
  13  0:12  Probe  
  14  0:17  Pylon  
  14  0:24  Probe  
  15  0:35  Gateway  
  15  0:36  Probe (Chrono Boost)  
  16  0:43  Assimilator  
  16  0:46  Probe (Chrono Boost)  
  17  0:52  Probe  
  18  1:04  Probe  
  19  1:18  Nexus  
  19  1:27  Cybernetics Core  
  19  1:30  Probe  
  20  1:36  Assimilator  
  20  1:42  Probe  
  20  1:46  Pylon  
  21  1:54  Probe  
  22  2:04  Adept, Warp Gate  
  22  2:06  Probe  
  25  2:15  Twilight Council  
  25  2:18  Probe  
  26  2:29  Probe  
  27  2:30  Probe  
  30  2:39  Adept  
  30  2:42  Probe x2  
  30  2:44  Blink (Chrono Boost)  
  32  2:54  Probe  
  32  2:56  Probe  
  34  3:03  Gateway  
  34  3:06  Probe  
  34  3:08  Probe  
  36  3:13  Gateway  
  36  3:15  Pylon  
  36  3:18  Probe  
  36  3:19  Sentry  
  39  3:22  Probe  
  40  3:30  Probe  
  40  3:34  Gateway, Probe  
  42  3:42  Probe  
  42  3:45  Pylon  
  42  3:46  Probe  
  44  3:50  Phoenix  
  44  3:53  Stalker  
  44  3:54  Probe  
  47  3:57  Stalker  
  49  4:04  Probe  
  49  4:09  Stalker  
  52  4:17  Stalker  
  54  4:24  Stalker  
  56  4:33  Stalker x2  
  56  4:35  Probe x2  
  56  4:37  Nexus  
  62  4:38  Pylon  
  60  4:49  Stalker  
  62  4:53  Pylon  
  62  4:54  Forge  
  62  4:56  Forge  
  62  5:04  Stalker  
  62  5:05  Stalker x2  
  62  5:06  Probe (Chrono Boost)  
  67  5:09  Probe (Chrono Boost)  
  68  5:16  Assimilator  
  68  5:18  Probe (Chrono Boost)  
  70  5:22  Probe (Chrono Boost)  
  70  5:25  Protoss Ground Armor Level 1 (Chrono Boost), Protoss Ground Weapons Level 1 (Chrono Boost), Phoenix  
  70  5:30  Probe x2  
  64  5:41  Gateway  
  64  5:43  Gateway, Probe  
  64  5:45  Charge  
  65  5:52  Probe  
  65  5:53  Probe  
  65  5:54  Gateway  
  65  5:55  Probe  
  65  5:56  Gateway  
  68  6:01  Pylon  
  68  6:04  Probe  
  68  6:05  Probe  
  68  6:07  Pylon  
  68  6:08  Robotics Facility  
  70  6:18  Probe  
  70  6:19  Probe x2  
  70  6:22  Shield Battery  
  73  6:26  Photon Cannon  
  73  6:28  Photon Cannon  
  73  6:29  Pylon  
  73  6:30  Shield Battery  
  73  6:31  Probe  
  74  6:34  Sentry x2, Zealot  
  74  6:37  Zealot, Pylon  
  82  6:42  Pylon  
  82  6:53  Probe  
  83  6:56  Observer  
  83  7:00  Protoss Ground Weapons Level 2 (Chrono Boost), Zealot x7  
  98  7:02  Zealot  
  100  7:08  Pylon  
  100  7:09  Protoss Ground Armor Level 2 (Chrono Boost)  
  98  7:24  Gateway  
  98  7:26  Zealot, Stalker x2  
  98  7:27  Zealot x2  
  108  7:32  Zealot x2  
  112  7:45  Observer  
  112  7:49  Zealot x3  
  102  7:59  Stalker x4  
  102  8:05  Warp Prism  
  110  8:13  Zealot x3  
  106  8:27  Zealot, Stalker x4  
  102  8:40  Nexus  
  101  8:43  Zealot x2  
  101  8:44  Zealot  
  107  8:48  Pylon  
  107  8:53  Stalker x4  
  115  8:57  Zealot  
  115  9:02  Observer (Chrono Boost)  
  118  9:10  Pylon  
  112  9:18  Protoss Ground Weapons Level 3 (Chrono Boost)  
  99  9:24  Zealot x8  
  115  9:44  Zealot x6  
  115  9:45  Zealot x2  
  81  10:07  Zealot x8  
  81  10:09  Protoss Ground Armor Level 3 (Chrono Boost)  
  81  10:12  Probe x2  
  81  10:13  Probe  
  83  10:35  Stalker x8  
  91  10:45  Probe x2  
  91  10:46  Probe  
  94  10:50  Immortal (Chrono Boost)  
  94  10:55  Nexus  
  98  10:58  Zealot x5  
  98  11:03  Zealot x2  
  110  11:12  Zealot  
  104  11:31  Zealot x7  
  116  11:32  Zealot  
  116  11:38  Observer  
  118  11:42  Pylon  
  118  11:43  Probe x4  
  122  11:47  Gateway  
  122  11:48  Gateway  
  122  11:51  Photon Cannon  
  122  11:59  Observer  
  123  12:02  Zealot  
  123  12:03  Zealot x7  
  137  12:26  Zealot x8  
  122  12:47  Warp Prism (Chrono Boost)  
  122  12:49  Zealot x5  
  122  12:50  Zealot x5  
  130  12:52  Probe x2  
  130  12:53  Probe  
  131  13:05  Probe x3  
  130  13:11  Stalker x9  
  148  13:21  Observer (Chrono Boost)  
  149  13:31  Nexus  
  149  13:32  Pylon  
  147  13:34  Observer  
  147  13:39  Zealot x9  
  147  13:41  Zealot  
  167  13:43  Pylon  
  167  13:56  Observer  
  167  13:59  Zealot x9  
  167  14:02  Zealot  
  145  14:24  Zealot x3  
  145  14:25  Zealot x7  
Show
View Real Time Build Order
Export as new Build Order

Oliveira Terran 

Build Orders: Reaper Expand 

Get SALT Encoding   

  12  0:00  SCV  
  13  0:12  SCV  
  14  0:17  Supply Depot  
  14  0:24  SCV  
  15  0:39  SCV  
  15  0:40  Barracks  
  16  0:44  Refinery  
  16  0:51  SCV  
  17  1:03  SCV  
  18  1:15  SCV  
  19  1:27  Reaper  
  19  1:28  Orbital Command  
  20  1:38  Command Center  
  20  1:48  Supply Depot  
  20  1:54  SCV  
  21  1:59  Marine  
  22  2:06  Factory, SCV  
  23  2:13  Bunker  
  23  2:17  Marine  
  23  2:18  SCV  
  25  2:22  Refinery  
  25  2:30  SCV  
  25  2:37  Barracks Reactor  
  26  2:42  SCV  
  27  2:54  SCV  
  27  2:55  Starport  
  27  2:57  Orbital Command  
  28  3:00  Widow Mine  
  30  3:06  SCV  
  30  3:09  Barracks  
  31  3:14  Marine x2  
  31  3:18  SCV  
  34  3:22  SCV  
  34  3:23  Widow Mine  
  37  3:30  Supply Depot, SCV  
  37  3:33  Medivac  
  41  3:34  SCV  
  41  3:35  Marine  
  41  3:37  Marine  
  43  3:42  SCV  
  43  3:46  Factory Tech Lab, SCV  
  45  3:50  Supply Depot  
  45  3:53  Marine  
  45  3:54  Marine  
  45  3:55  SCV  
  48  3:57  Barracks Tech Lab  
  48  3:58  SCV  
  49  4:06  Siege Tank  
  49  4:07  SCV  
  53  4:10  Marine  
  53  4:12  Marine  
  53  4:17  Marine  
  55  4:18  Stimpack  
  55  4:19  SCV  
  55  4:21  Supply Depot  
  55  4:22  Barracks  
  55  4:24  SCV  
  58  4:28  Marine  
  59  4:33  Marine, SCV  
  59  4:36  SCV  
  59  4:38  Bunker  
  59  4:41  Siege Tank  
  59  4:42  Marine  
  62  4:45  SCV  
  62  4:47  Marine  
  62  4:50  SCV  
  62  4:56  Supply Depot  
  62  4:57  SCV  
  62  5:07  Engineering Bay  
  62  5:08  Refinery  
  62  5:09  SCV  
  62  5:10  SCV  
  62  5:11  Marine x2  
  66  5:16  Marauder  
  66  5:21  SCV  
  67  5:22  SCV  
  67  5:23  Factory Reactor  
  67  5:30  Engineering Bay  
  67  5:31  Marauder  
  67  5:33  Combat Shield, Marine x2, SCV  
  67  5:35  Supply Depot  
  72  5:37  SCV  
  72  5:40  Starport Reactor  
  73  5:43  Marauder  
  75  5:51  SCV  
  75  5:52  Marine  
  75  5:53  Refinery  
  75  5:57  Terran Infantry Weapons Level 1, Marauder  
  79  5:58  Concussive Shells  
  79  6:01  Supply Depot  
  79  6:03  Marine  
  79  6:06  Missile Turret  
  79  6:07  Widow Mine  
  79  6:10  Marauder  
  83  6:12  SCV  
  83  6:14  SCV  
  83  6:15  Marine  
  83  6:17  Supply Depot  
  86  6:23  Marauder, Widow Mine  
  86  6:24  Supply Depot  
  90  6:25  Marine  
  90  6:29  Widow Mine  
  93  6:36  Marine  
  93  6:38  Supply Depot  
  93  6:39  Supply Depot, Marauder, Medivac x2  
  100  6:41  Missile Turret  
  100  6:45  SCV x2  
  102  6:47  Supply Depot  
  102  6:48  Marine  
  102  6:49  Marauder  
  102  6:51  Widow Mine  
  102  6:52  Widow Mine  
  109  6:57  SCV  
  109  7:00  Marauder  
  112  7:03  Marine  
  112  7:05  Command Center  
  113  7:08  Marine  
  113  7:10  Marauder  
  113  7:11  Medivac, Supply Depot  
  118  7:21  Marine  
  118  7:22  Medivac, Marauder  
  122  7:23  Widow Mine x2  
  122  7:26  Marine  
  127  7:31  Marine  
  127  7:33  Barracks  
  127  7:37  Barracks  
  127  7:40  Marine  
  127  7:43  Marauder  
  130  7:45  Supply Depot  
  127  7:51  Terran Infantry Armor Level 1  
  127  7:53  Marine  
  127  7:54  Marauder  
  122  7:58  Marine  
  122  8:00  Widow Mine x2, Medivac  
  122  8:02  Medivac  
  122  8:05  Marauder  
  133  8:09  Armory  
  133  8:11  Marine  
  134  8:13  SCV  
  134  8:14  Marine, SCV  
  126  8:30  Barracks Reactor, Barracks Tech Lab, Marine x2  
  126  8:31  Marauder  
  126  8:34  Medivac x2  
  119  8:35  Marine  
  119  8:38  Widow Mine  
  119  8:39  SCV, Widow Mine  
  127  8:45  SCV, Engineering Bay  
  128  8:49  Marine  
  128  8:51  Marine  
  128  8:52  Marauder  
  128  8:53  SCV  
  133  8:57  Marauder  
  133  9:02  Orbital Command  
  135  9:03  Marine  
  135  9:06  Marine x2  
  135  9:08  Widow Mine  
  137  9:12  Marine x2  
  137  9:13  Marauder  
  137  9:14  SCV  
  137  9:18  SCV  
  137  9:21  Marine  
  137  9:22  Marauder  
  135  9:26  SCV, Marine  
  130  9:33  Marine x2  
  130  9:35  Marauder  
  130  9:38  SCV  
  132  9:39  Marine  
  132  9:43  Marine, Marauder  
  132  9:45  Orbital Command  
  125  9:46  SCV  
  125  9:50  Marine  
  125  9:51  Marine  
  123  9:56  Marine  
  123  9:57  Marine  
  110  10:01  Marine  
  110  10:04  Marine, SCV x2  
  109  10:08  Marine  
  109  10:15  SCV  
  109  10:17  Marine, SCV  
  108  10:24  Marine x2  
  108  10:25  Marauder  
  107  10:29  Marine  
  107  10:33  Marine, SCV x2  
  106  10:35  Marine  
  106  10:36  Widow Mine  
  106  10:40  SCV  
  106  10:43  Marauder  
  106  10:45  Barracks Reactor, SCV x2  
  106  10:48  Terran Infantry Weapons Level 2  
  110  10:52  SCV  
  110  10:53  Marine, Marauder x2  
  110  10:55  Medivac  
  118  10:57  SCV  
  118  10:58  Medivac  
  118  11:02  Marine, Widow Mine x2  
  126  11:08  Marine  
  126  11:11  Marine, SCV  
  123  11:14  Marauder  
  123  11:15  SCV  
  123  11:18  Marine x2  
  127  11:22  SCV  
  127  11:23  Marine  
  127  11:24  Widow Mine x2  
  134  11:27  Marauder  
  134  11:28  SCV  
  134  11:29  Marine  
  138  11:33  SCV  
  138  11:36  Marauder  
  138  11:38  Medivac x2  
  145  11:41  SCV  
  145  11:43  Terran Infantry Armor Level 2  
  145  11:45  Barracks Reactor  
  146  11:48  SCV x2  
  146  11:49  Supply Depot  
  146  11:50  Supply Depot  
  146  11:51  Missile Turret, Marauder  
  146  11:53  Marine x2  
  150  11:55  Widow Mine  
  150  11:57  Widow Mine  
  149  12:04  Ghost Academy  
  149  12:06  Refinery  
  149  12:07  SCV  
  149  12:08  Marine x2  
  150  12:10  SCV  
  150  12:12  Marauder  
  150  12:13  Marine  
  150  12:15  Medivac  
  156  12:16  Marine  
  156  12:20  Refinery  
  157  12:26  Marauder, Marine  
  157  12:27  Marauder, Marine  
  160  12:31  Marine  
  160  12:33  Marine  
  160  12:35  Medivac  
  158  12:37  Marine  
  158  12:38  Widow Mine  
  158  12:40  SCV  
  150  12:44  Marine x2  
  150  12:49  Marine  
  134  12:54  Ghost x2  
  134  12:57  Ghost  
  133  12:59  Marine  
  133  13:05  Marine x2  
  134  13:12  Orbital Command  
  133  13:14  Marine  
  133  13:16  Medivac  
  136  13:24  Marine x3  
  139  13:31  Supply Depot  
  135  13:35  Marine  
  135  13:39  Ghost  
  138  13:49  Marine x3  
  138  13:53  Ghost  
  141  13:58  Supply Depot  
  141  13:59  Marine  
  142  14:03  Widow Mine x2  
  142  14:08  Refinery  
  146  14:10  Refinery  
Tags
 
Add a new tag
Caveats
  • Supply blocks, unpowered buildings, or Contaminate may cause inaccurate times.
  • Supply counts are checked every 10 seconds.